 Dungeon Crawl Stone Soup version 0.28.0-43-g3370ac3207 (webtiles) character file.

Game seed: 2310346994774247354

616 Faeu the Shield-Bearer (level 7, -1/62 HPs)
             Began as a Minotaur Fighter on Mar 23, 2022.
             Slain by a water moccasin (3 damage)
             ... on level 5 of the Dungeon.
             The game lasted 00:16:52 (4668 turns).

Faeu the Shield-Bearer (Minotaur Fighter)           Turns: 4668, Time: 00:16:53

Health: -1/62      AC: 18    Str: 23    XL:     7   Next: 21%
Magic:  6/6        EV:  7    Int:  5    God:
Gold:   196        SH:  5    Dex:  9    Spells: 6/6 levels left

rFire   + . .      SeeInvis .   b - +2 short sword (protect) {short}
rCold   . . .      Faith    .   c - +0 buckler
rNeg    . . .      Spirit   .   t - +0 chain mail {rF+}
rPois   .          Reflect  .   (helmet restricted)
rElec   .          Harm     .   (no cloak)
rCorr   .          Rampage  .   u - +0 pair of gloves
Will    .....                   (no boots)
Stlth   ..........              (no amulet)
HPRegen 0.20/turn               (no ring)
MPRegen 0.10/turn               (no ring)

@: under a protective aura, hasted, very quick
A: horns 2, retaliatory headbutt
a: no special abilities


You were on level 5 of the Dungeon.
You visited 1 branch of the dungeon, and saw 5 of its levels.

You collected 196 gold pieces.


Innate Abilities, Weirdness & Mutations

You have a pair of horns on your head.
You reflexively headbutt those who attack you in melee.


   Skills:
 + Level 5.9 Fighting
 + Level 5.2 Long Blades
 + Level 5.9 Armour
 + Level 5.9 Shields


You had 6 spell levels left.
You didn't know any spells.
Your spell library contained the following spells:

 Spells                   Type           Power      Damage    Failure   Level
 Animate Skeleton         Necr           0%         N/A       99%         1
 Freeze                   Ice            0%         1d3       99%         1
 Magic Dart               Conj           0%         1d3       99%         1
 Pain                     Necr           0%         1d4       99%         1
 Searing Ray              Conj           0%         2d4       100%        2
 Sublimation of Blood     Necr           0%         N/A       100%        2
 Wereblood                Tmut           0%         N/A       100%        2
 Frozen Ramparts          Ice            0%         1d2       100%        3
 Vampiric Draining        Necr           0%         2d6       100%        3
 Fulminant Prism          Conj/Hex       0%         3d6       100%        4
 Hailstorm                Conj/Ice       0%         3d3       100%        4
 Summon Hydra             Summ           0%         N/A       100%        7

Inventory:

Hand Weapons
 a - a +0 long sword {long}
 b - a +2 short sword of protection (weapon) {short}
   (You took it off an orc on level 4 of the Dungeon)
 n - a +2 dagger of venom {short}
   (You took it off a goblin on level 2 of the Dungeon)
Armour
 c - a +0 buckler (worn)
 t - a +0 chain mail of fire resistance (worn)
   (You found it on level 4 of the Dungeon)
 u - a +0 pair of gloves (worn)
   (You found it on level 4 of the Dungeon)
Scrolls
 h - a scroll of enchant weapon {unknown}
 i - a scroll of identify {unknown}
 k - 3 scrolls of teleportation {unknown}
 l - a scroll of enchant armour {unknown}
 r - a scroll of fear {unknown}
 s - a scroll of immolation {unknown}
 v - a scroll of magic mapping {unknown}
Potions
 d - a potion of might
 e - a potion of haste {@q3}
 f - 2 potions of lignification {unknown}
 g - a potion of mutation {unknown}
 j - a potion of invisibility {unknown}
 m - 2 potions of curing {unknown}
 o - 2 potions of brilliance {unknown}
 p - a potion of resistance {unknown}
 q - 2 potions of attraction {unknown}

Dungeon Overview and Level Annotations

Branches:
Dungeon (5/15)
 Temple: D:4-7

Altars:

Shops:
D:4 *

Annotations:
D:4 2 transporters, Ablot's ghost, novice GnWr

#######.#.
#.........
#.........
.........
.......
#....#
#.S..#
+@...#
#....#
#....#
#....#
#....#
#....#
######


You could see a water moccasin.


Message History

You are too injured to fight recklessly!
You are too injured to fight recklessly!
You are too injured to fight recklessly!
You are too injured to fight recklessly!
You are too injured to fight recklessly!
You puncture the water moccasin!
Your weapon exudes an aura of protection.
You feel sick. You block the water moccasin's attack.
The water moccasin bites you.
You are more poisoned.
The water moccasin poisons you!
The water moccasin bites you but does no damage.
The water moccasin closely misses you. 😮 HP[-5]
You take 5 damage, and now have 41/62 hp.
You closely miss the water moccasin.
You feel very sick. The water moccasin closely misses you.
You furiously retaliate!
You headbutt the water moccasin!
The water moccasin bites you but does no damage.
You hit the water moccasin.
Your headbutt misses the water moccasin.
You feel very sick.
The water moccasin bites you but does no damage. x2
The water moccasin bites you.
* * * LOW HITPOINT WARNING * * *
You are more poisoned.
The water moccasin poisons you!
You block the water moccasin's attack. 😨 HP[-13]
You take 13 damage, and now have 28/62 hp.
MASSIVE DAMAGE!! (PAUSE)
You hit the water moccasin.
You kill the water moccasin!
* * * LOW HITPOINT WARNING * * *
You feel very sick.
Your Long Blades skill increases to level 5! 😨 HP[-6]
You take 6 damage, and now have 22/62 hp.
* * * LOW HITPOINT WARNING * * *
You feel very sick.
The water moccasin bites you but does no damage. x2 😨 HP[-4]
You take 4 damage, and now have 18/62 hp.
* * * LOW HITPOINT WARNING * * *
You feel very sick. 😱 HP[-3]
You take 3 damage, and now have 15/62 hp.
* * * LOW HITPOINT WARNING * * *
You feel very sick.
The adder bites you but does no damage. 😱 HP[-3]
You take 3 damage, and now have 12/62 hp.
* * * LOW HITPOINT WARNING * * *
You feel very sick. 😱 HP[-3]
You take 3 damage, and now have 9/62 hp.
* * * LOW HITPOINT WARNING * * *
You feel sick. 😱 HP[-2]
You take 2 damage, and now have 7/62 hp.
You feel sick.
There is a stone staircase leading down here. 😱 HP[-1]
You take 1 damage, and now have 6/62 hp.
You can't go up here!
You feel sick. The water moccasin barely misses you.
You climb downwards.
You feel sick.
There is a stone staircase leading up here. 😱 HP[-1]
You take 1 damage, and now have 5/62 hp.
You barely miss the water moccasin.
You feel sick. You block the water moccasin's attack.
The water moccasin bites you but does no damage. 😱 HP[-1]
You take 1 damage, and now have 4/62 hp.
You hit the water moccasin.
Your weapon exudes an aura of protection.
Your headbutt misses the water moccasin.
You feel sick.
The water moccasin bites you but does no damage. 😱 HP[-1]
You take 1 damage, and now have 3/62 hp.
You barely miss the water moccasin.
You feel sick.
The water moccasin bites you but does no damage. 😱 HP[-1]
You take 1 damage, and now have 2/62 hp.
It was a potion of haste.
You feel yourself speed up.
You feel sick.
You are no longer poisoned.
The water moccasin bites you but does no damage.
You block the water moccasin's attack.
You closely miss the water moccasin. The water moccasin closely misses you.
You closely miss the water moccasin.
The water moccasin bites you but does no damage.
You closely miss the water moccasin.
The water moccasin bites you but does no damage.
You hit the water moccasin but do no damage.
Your weapon exudes an aura of protection.
Your headbutt misses the water moccasin.
The water moccasin bites you.
You die...

Skill      XL: |  1  2  3  4  5  6  7 |
---------------+----------------------+-----
Fighting       | 4 5 |  5.9
Armour         | 4 5 |  5.9
Shields        | 4 5 |  5.9
Long Blades    | 3 4 5 |  5.2

Action                   |  1- 3 |  4- 6 |  7- 9 || total
-------------------------+-------+-------+-------++-------
Melee: Long sword        |    84 |       |       ||    84
       Headbutt          |    21 |    25 |     2 ||    48
       Dagger            |    12 |   147 |       ||   159
       Short sword       |       |    59 |    18 ||    77
  Use: Potion            |       |       |     1 ||     1
Armor: Scale mail        |    52 |    57 |       ||   109
       Chain mail        |       |    40 |    19 ||    59
Dodge: Dodged            |    30 |    69 |     7 ||   106
Block: Buckler           |    18 |    42 |     9 ||    69

Levels and vault maps discovered:
D:1:      dpeg_arrival_concentric_ovals, layout_loops_ring
D:2:      layout_basic, minmay_rat_gold_closets
D:3:      layout_loops_corners, uniq_robin
D:4:      layout_loops_ring, gammafunk_ghost_stat_death, st_stairs_13,
          guppyfry_shop_venom
D:5:      minmay_evil_eye, layout_basic, serial_park_tiny_pond,
          minmay_starry_boxes

Notes
Turn   | Place    | Note
-------+----------+-------------------------------------------
     0 | D:1      | Faeu the Minotaur Fighter began the quest for the Orb.
     0 | D:1      | Reached XP level 1. HP: 19/19 MP: 0/0
     0 | D:1      | magus.rc [v1.9.6]
   178 | D:1      | Reached XP level 2. HP: 26/27 MP: 1/1
   334 | D:1      | Reached skill level 4 in Fighting
   465 | D:1      | Reached skill level 4 in Armour
   507 | D:1      | Reached skill level 4 in Shields
   570 | D:1      | Reached skill level 3 in Long Blades
   573 | D:1      | Reached XP level 3. HP: 33/33 MP: 2/2
  1821 | D:2      | Reached XP level 4. HP: 40/40 MP: 3/3
  2476 | D:3      | Noticed Robin
  2507 | D:3      | Killed Robin
  2650 | D:3      | You pick up a book of Blood and begin reading...
  2650 | D:3      | You add the spells Sublimation of Blood, Wereblood and
                  | Summon Hydra to your library.
  2864 | D:3      | You pick up a book of Necromancy and begin reading...
  2864 | D:3      | You add the spells Pain, Animate Skeleton and Vampiric
                  | Draining to your library.
  3002 | D:3      | You pick up a book of Conjurations {@e2} and begin
                  | reading...
  3002 | D:3      | You add the spells Magic Dart, Searing Ray and Fulminant
                  | Prism to your library.
  3143 | D:3      | Reached XP level 5. HP: 47/47 MP: 4/4
  3486 | D:4      | Noticed a necrophage
  3501 | D:4      | Killed a necrophage
  3502 | D:4      | Reached skill level 5 in Fighting
  3502 | D:4      | Reached skill level 4 in Long Blades
  3502 | D:4      | Reached skill level 5 in Armour
  3502 | D:4      | Reached skill level 5 in Shields
  3502 | D:4      | Reached XP level 6. HP: 56/56 MP: 5/5
  3667 | D:4      | HP: 11/56 [gnoll sergeant/+0 vorpal spear (4)]
  4206 | D:4      | Found a transporter.
  4221 | D:4      | Noticed Ablot's ghost (novice GnWr)
  4384 | D:4      | Found a transporter.
  4491 | D:4      | Reached XP level 7. HP: 36/62 MP: 6/6
  4627 | D:4      | You pick up a book of Frost and begin reading...
  4627 | D:4      | You add the spells Freeze, Frozen Ramparts and Hailstorm to
                  | your library.
  4641 | D:4      | Found Culoal's Serpentskin Sales.
  4653 | D:4      | Reached skill level 5 in Long Blades
  4654 | D:4      | HP: 15/62 [poisoned by a water moccasin]
  4657 | D:4      | HP: 7/62 [poisoned by a water moccasin]
  4660 | D:5      | Entered Level 5 of the Dungeon
  4662 | D:5      | HP: 3/62 [poisoned by a water moccasin]
  4668 | D:5      | Slain by a water moccasin

Vanquished Creatures
  A water moccasin (D:4)
  A necrophage (D:4)
  A gnoll sergeant (D:3)
  An orc priest (D:4)
  A hound (D:4)
  A gnoll shaman (D:4)
  An orc wizard (D:4)
  Robin (D:3)
  8 gnolls (D:4)
  5 adders
  An ufetubus (D:4)
  3 worms
  A dart slug (D:1)
  9 orcs (D:4)
  9 ball pythons
  8 bats
  3 endoplasms
  3 giant cockroaches
  10 hobgoblins
  2 jackals (D:2)
  9 kobolds
  5 quokkas
  2 frilled lizards
  16 goblins
  12 rats
114 creatures vanquished.

Table legend:
 A = Non-vault XP
 B = Vault XP
 C = Vault XP percentage of total XP
 D = Non-vault monster count
 E = Vault monster count
 F = Vault count percentage of total count
                 A         B        C        D         E       F
            +---------+---------+-------+---------+---------+-------
      Total |     645 |     236 |  26.8 |      93 |      21 |  18.4
            +---------+---------+-------+---------+---------+-------
        D:1 |      49 |       0 |   0.0 |      30 |       0 |   0.0
        D:2 |      67 |       6 |   8.2 |      21 |       6 |  22.2
        D:3 |     144 |      38 |  20.9 |      16 |      12 |  42.9
        D:4 |     385 |     192 |  33.3 |      26 |       3 |  10.3
            +---------+---------+-------+---------+---------+-------

Illustrated notes

Table legend:
 A = Kills in this place as a percentage of kills in entire the game.
 B = Kills by you in this place as a percentage of kills by you in the entire game.
 C = Kills by friends in this place as a percentage of kills by friends in the entire game.
 D = Other kills in this place as a percentage of other kills in the entire game.
 E = Experience gained in this place as a percentage of experience gained in the entire game.
 F = Experience gained in this place divided by the number of levels of this place that you have seen.
                   A       B       C       D       E      F
               +-------+-------+-------+-------+-------+----------------------
         Total | 100.0 | 100.0 |   N/A |   N/A | 100.0 | 176.2
       Dungeon | 100.0 | 100.0 |   N/A |   N/A | 100.0 | 176.2
               +-------+-------+-------+-------+-------+----------------------

Table legend: (Time is in decaauts)
 A = Elapsed time spent in this place.
 B = Non-inter-level travel time spent in this place.
 C = Inter-level travel time spent in this place.
 D = Time resting spent in this place.
 E = Time spent auto-exploring this place.
 F = Levels seen in this place.
 G = Mean time per level.
                   A        B        C        D        E       F      G
               +--------+--------+--------+--------+--------+-----+--------+
         Total |   4685 |   4343 |    342 |    692 |   2961 |   5 |  937.0 |
       Dungeon |   4685 |   4343 |    342 |    692 |   2961 |   5 |  937.0 |
               +--------+--------+--------+--------+--------+-----+--------+

Top non-repeatable levels by time:
     D:2: 1444 daAuts
     D:3: 1428 daAuts
     D:4: 923 daAuts
     D:1: 882 daAuts
     D:5: 6 daAuts
